Map: Ulrena

Players

Arthisios

  • Race: Terran Terran
  • League: Platinum

zamzx - Winner!

  • Race: Zerg Zerg
  • League: Master

Event: Gauntlet LotV Series 1 Qualifier 1

VOD

Have the link to the VOD?

Description

Time

  • Played on: Nov. 22, 2015, 3:23 p.m.
  • Length: 8:58

All games in this series

Show
View Real Time Build Order
Export as new Build Order

Arthisios Terran 

Build Orders:  

Get SALT Encoding   

  12  0:00  SCV  
  13  0:13  SCV  
  14  0:18  Supply Depot  
  14  0:25  SCV  
  15  0:40  SCV  
  15  0:41  Barracks  
  16  0:47  Refinery  
  16  0:53  SCV  
  17  1:08  SCV  
  18  1:17  Supply Depot  
  18  1:21  SCV  
  19  1:30  Supply Depot  
  19  1:38  Orbital Command  
  19  1:40  Barracks Reactor  
  19  1:45  Engineering Bay  
  19  2:03  Barracks  
  19  2:06  SCV  
  20  2:21  Command Center  
  20  2:24  SCV  
  20  2:25  Marine  
  20  2:27  Marine  
  23  2:34  Terran Infantry Weapons Level 1  
  23  2:37  SCV  
  24  2:44  Marine  
  24  2:50  SCV  
  26  2:51  Marine  
  27  2:58  Factory  
  27  3:02  SCV  
  27  3:03  Marine  
  29  3:14  SCV  
  29  3:15  Refinery  
  29  3:17  Supply Depot  
  30  3:21  Marine x2  
  32  3:29  SCV  
  32  3:32  Barracks  
  32  3:53  Widow Mine  
  34  3:57  Barracks  
  34  3:59  Supply Depot  
  34  4:02  SCV  
  35  4:05  SCV, Bunker  
  35  4:06  Marine x2  
  37  4:13  Bunker  
  37  4:15  SCV  
  38  4:17  SCV  
  36  4:26  Barracks Tech Lab  
  36  4:28  Marine x2  
  32  4:45  Marauder, Marine, Widow Mine  
  32  4:46  Marine  
  32  4:47  Barracks Tech Lab  
  34  5:09  Barracks Tech Lab  
  34  5:10  Marauder  
  34  5:11  SCV, Marauder  
  39  5:32  Marauder, Marine  
  39  5:34  Marauder  
  44  5:49  Marine  
  42  5:53  Marauder  
  42  5:54  Marine  
  38  6:02  Factory Tech Lab  
  38  6:06  SCV  
  38  6:07  Marine  
  40  6:12  Supply Depot, Marine  
  40  6:14  Marauder  
  45  6:26  Marauder  
  45  6:30  Marine  
  46  6:43  Siege Tank, Marauder  
  51  6:49  Terran Infantry Armor Level 1, Missile Turret  
  51  6:51  Marauder  
  51  6:54  Barracks Reactor  
  53  6:55  Concussive Shells  
  53  6:56  Bunker  
  53  7:05  SCV x2  
  51  7:28  Planetary Fortress  
  50  7:32  Marine x2  
  50  7:33  Marauder  
  48  7:47  Marauder  
  48  7:50  Marine x2  
  47  7:53  Marine  
  44  8:00  Siege Tank  
  36  8:14  Marauder, Marine  
  36  8:15  Marauder  
Show
View Real Time Build Order
Export as new Build Order

zamzx Zerg - Winner!

Build Orders: Hatch First 

Get SALT Encoding   

  12  0:00  Drone  
  13  0:14  Overlord  
  13  0:18  Drone  
  14  0:36  Drone x2  
  16  0:50  Hatchery  
  16  0:53  Drone  
  17  0:57  Drone  
  17  1:00  Extractor  
  16  1:14  Spawning Pool  
  16  1:17  Drone  
  16  1:21  Drone  
  18  1:25  Drone  
  18  1:33  Drone  
  19  1:40  Drone  
  20  1:52  Overlord  
  20  2:00  Queen  
  22  2:02  Queen  
  24  2:10  Drone x2  
  26  2:22  Roach Warren, Drone  
  26  2:26  Drone  
  27  2:34  Drone  
  27  2:35  Drone x2  
  30  2:43  Queen  
  32  2:51  Drone x2  
  34  2:55  Overlord  
  34  3:02  Overlord  
  34  3:16  Roach x4  
  34  3:19  Roach  
  44  3:23  Drone x2  
  46  3:28  Drone  
  46  3:29  Drone  
  46  3:30  Drone  
  46  3:33  Drone  
  50  3:55  Drone x2  
  52  4:08  Hatchery  
  52  4:09  Overlord  
  51  4:10  Overlord  
  51  4:13  Ravager  
  51  4:15  Overlord  
  52  4:25  Roach  
  52  4:32  Overlord  
  52  4:33  Roach x2  
  52  4:34  Roach x6  
  68  4:47  Roach x2  
  68  4:49  Ravager  
  68  5:12  Overlord  
  68  5:20  Roach  
  68  5:21  Roach x2  
  72  5:23  Overlord x2  
  72  5:26  Queen  
  72  5:27  Drone x4, Extractor  
  72  5:28  Drone x3, Extractor  
  73  5:42  Roach  
  73  5:43  Roach x2  
  74  5:52  Roach  
  74  5:57  Overlord  
  70  5:58  Drone x2  
  70  5:59  Drone x6, Extractor  
  77  6:10  Drone  
  77  6:11  Drone x2  
  80  6:14  Metabolic Boost, Spore Crawler  
  80  6:15  Spine Crawler  
  80  6:18  Spore Crawler x2, Drone x2  
  78  6:27  Roach x3  
  78  6:31  Zergling x4  
  78  6:32  Zergling x8  
  90  6:41  Overlord  
  90  6:46  Lair  
  90  6:50  Zergling x2  
  90  6:51  Zergling x12  
  97  6:54  Ravager  
  97  6:55  Ravager  
  97  6:59  Drone x4  
  97  7:00  Drone x2  
  105  7:02  Drone x2, Extractor  
  105  7:04  Extractor  
  105  7:05  Ravager  
  106  7:13  Roach  
  106  7:14  Roach x2  
  107  7:31  Roach x11  
  128  7:40  Roach, Zergling x4  
  128  7:41  Zergling x2  
  128  7:43  Roach  
  129  7:49  Zergling x2  
  130  7:59  Roach  
  130  8:00  Roach  
  130  8:05  Spire, Zergling x4  
  128  8:14  Ravager x2  
  128  8:19  Zergling x2  
  126  8:20  Zergling x8  
  129  8:27  Overseer x2  
  129  8:36  Hatchery  
  129  8:37  Overlord x2  
  129  8:41  Drone  
  129  8:43  Spire  
Tags
 
Add a new tag
Caveats
  • Supply blocks, unpowered buildings, or Contaminate may cause inaccurate times.
  • Supply counts are checked every 10 seconds.